 Dungeon Crawl Stone Soup version 0.21.1-1-g345015f (webtiles) character file.

9 Monsterracer the Sneak (level 2, 0/11 HPs)
             Began as a Felid Enchanter on Feb 6, 2018.
             Slain by a jackal (2 damage)
             ... on level 1 of the Dungeon.
             The game lasted 00:00:56 (156 turns).

Monsterracer the Sneak (Felid Enchanter)             Turns: 156, Time: 00:00:56

Health: 0/11       AC:  1    Str:  4    XL:     2   Next: 6%
Magic:  3/6        EV: 18    Int: 16    God:
Gold:   28         SH:  0    Dex: 16    Spells: 2/5 levels left
                                        Lives:  0   Deaths: 0

rFire    . . .     SeeInvis +     - Unarmed
rCold    . . .     Gourm    .   (shield unavailable)
rNeg     . . .     Faith    .   (armour unavailable)
rPois    .         Spirit   .   (helmet unavailable)
rElec    .         Reflect  .   (cloak unavailable)
rCorr    .         Harm     .   (gloves unavailable)
MR       .....                  (boots unavailable)
Stlth    +++.......             (no amulet)
HPRegen  0.03/turn              (no ring)
MPRegen  0.10/turn              (no ring)

@: very slightly contaminated, quick
A: very small, no armour, no weapons or thrown items, stealth, claws 1, fangs 3,
see invisible, carnivore, speed 1, shaggy fur 1, slow metabolism 1, sharp paws
a: no special abilities


You were on level 1 of the Dungeon.
You were full.

You visited 1 branch of the dungeon, and saw 1 of its levels.

You collected 28 gold pieces.

Inventory:

Jewellery
 d - a cursed -2 ring of intelligence {unknown}
Scrolls
 b - a scroll of identify {unknown}
 e - 3 scrolls of teleportation {unknown}
Books
 a - a book of Maledictions

   Spells                             Type                      Level
   a - Corona                         Hexes                        1
   b - Ensorcelled Hibernation        Hexes/Ice                    2
   c - Confuse                        Hexes                        3
   d - Tukima's Dance                 Hexes                        3
   e - Dazzling Spray                 Conjuration/Hexes            3
Comestibles
 c - a ration


   Skills:
 - Level 2.6 Dodging
 + Level 4.5 Stealth
 + Level 1.6 Unarmed Combat
 - Level 2.0 Spellcasting
 - Level 4.4 Hexes


You had 2 spell levels left.
You knew the following spells:

 Your Spells              Type           Power        Failure   Level  Hunger
a - Corona                Hex            ###....      3%          1    #......
b - Ensorcelled Hibernat  Hex/Ice        #.....       13%         2    ###....


Dungeon Overview and Level Annotations

Branches:
Dungeon (1/15)

Altars:


Innate Abilities, Weirdness & Mutations

You cannot wear armour.
You are incapable of wielding weapons or throwing items.
Your paws allow you to move quietly. (Stealth)
You have sharp claws.
You have razor-sharp teeth.
You have supernaturally acute eyesight. (SInv)
You are carnivorous and can eat meat at any time.
You cover ground quickly.
You are covered in fur. (AC +1)
You have a slow metabolism.
Your sharp claws are effective at attacking unaware monsters.


Message History

a short sword; a stone; a kobold corpse You now have 16 gold pieces. 2 bats come into view.
You see here 3 scrolls labeled BYUKOOFUHOHE.
You pounce on the unaware helpless bat!
You claw the bat!
You kill the bat!
The helpless bat fails to defend itself.
You claw the bat!
You kill the bat!
e - 3 scrolls labeled BYUKOOFUHOHE You butcher the bat corpse.
f - a chunk of flesh You see here a bat skeleton. x2
Eating a chunk of flesh.
You eat the chunk of flesh.
This raw flesh tastes great.
You now have 28 gold pieces (gained 12).
A goblin comes into view. It is wielding a club.
The helpless goblin fails to defend itself.
You claw the goblin!
You kill the goblin!
No target in view! 3 jackals come into view.
There are monsters nearby!
A jackal comes into view.
What are your orders? t - Meow!
Orders for allies: a - Attack new target. r - Retreat! s - Stop attacking. g - Guard the area. f - Follow me.
Anything else - Cancel.
Okay, then.
The jackal barks!
You scratch the jackal.
The jackal is severely wounded.
You hear a bark! x3
The jackal misses you.
You closely miss the jackal.
The jackal is severely wounded.
The jackal bites you but does no damage.
You scratch the jackal.
You kill the jackal!
You have reached level 2!
Health restored: 11; MP restored: 6 You're too inexperienced to learn that spell!
Memorise Ensorcelled Hibernation, consuming 2 spell levels and leaving 2?
You start memorising the spell.
You continue memorising.
The jackal closely misses you.
You continue memorising.
The jackal misses you. The jackal barely misses you.
You finish memorising.
Spell assigned to 'b'.
You scratch the jackal.
The jackal is moderately wounded.
The jackal barely misses you.
You scratch the jackal.
The jackal is severely wounded.
The jackal bites you.
You take 1 damage, and have 10/11 hp.
You barely miss the jackal.
The jackal is severely wounded.
The jackal bites you. The jackal barely misses you. The jackal bites you.
You take 3 damage, and have 7/11 hp.
MASSIVE DAMAGE!!
You scratch the jackal.
You kill the jackal!
The jackal misses you.
Cast which spell? (? or * to list)
Aiming: Ensorcelled Hibernation
Press: ? - help, Shift-Dir - straight line, f - jackal
Aim: a jackal (chance to defeat MR: 57%)
The jackal resists with significant effort.
The jackal misses you.
You now have 4/6 mp.
Casting: Ensorcelled Hibernation
Confirm with . or Enter, or press ? or * to list all spells.
Aiming: Ensorcelled Hibernation
Press: ? - help, Shift-Dir - straight line, f/p - jackal
Aim: a jackal (chance to defeat MR: 57%)
You miscast Ensorcelled Hibernation.
You are very lightly contaminated with residual magic.
A chill runs through your body.
The jackal barks!
The jackal misses you. The jackal bites you.
* * * LOW HITPOINT WARNING * * *
You take 3 damage, and have 4/11 hp.
MASSIVE DAMAGE!!
You now have 2/6 mp.
You closely miss the jackal. Your bite misses the jackal.
The jackal closely misses you. The jackal misses you.
You scratch the jackal. Your bite misses the jackal.
The jackal is heavily wounded.
The jackal closely misses you.
You barely miss the jackal. Your bite misses the jackal.
The jackal is heavily wounded.
The jackal barely misses you.
You scratch the jackal.
The jackal is severely wounded.
The jackal misses you. The jackal bites you.
* * * LOW HITPOINT WARNING * * *
You take 3 damage, and have 2/11 hp.
MASSIVE DAMAGE!!
You scratch the jackal but do no damage.
The jackal is severely wounded.
The jackal bites you.
You die...

#.# #...... #.#
####### #.# #### #.#
#... #.# #.## #.#
#.#. ######.# #...
#......# ##..#
#@###### ##..#^ #h#
#..#.. ####h########
##..#.
#............#.###..#
#.##.######.# #......
#.).†# #.###...
#####.h######## ##..
.........h....hh ###
............h###


You could see 2 jackals.

Vanquished Creatures
  3 bats (D:1)
  A goblin (D:1)
  2 jackals (D:1)
  A kobold (D:1)
  A frilled lizard (D:1)
8 creatures vanquished.

Notes
Turn   | Place    | Note
-------+----------+-------------------------------------------
     0 | D:1      | Monsterracer the Felid Enchanter began the quest for the Orb.
     0 | D:1      | Reached XP level 1. HP: 7/7 MP: 4/4
   137 | D:1      | Reached XP level 2. HP: 11/11 MP: 6/6
   141 | D:1      | Learned a level 2 spell: Ensorcelled Hibernation
   147 | D:1      | HP: 4/11 [jackal (3)]
   155 | D:1      | HP: 2/11 [jackal (3)]
   156 | D:1      | Slain by a jackal

Action                   || total
-------------------------++-------
Melee: Unarmed           ||    24
       Bite              ||     1
 Cast: Ensorcelled Hiber ||     1
 Stab: Sleeping          ||     5
  Eat: Chunk             ||     2
Armor: Skin              ||     3
Dodge: Dodged            ||    26

Vault maps used:
D:1:      scummos_arrival_hexagon
